 Dungeon Crawl Stone Soup version 0.24.1-14-gf8d2b509d9 (webtiles) character file.

Game seed: 9070065619926476304, levelgen mode: deterministic

401 Gruesph the Chopper (level 7, -3/56 HPs)
             Began as a Formicid Abyssal Knight on May 16, 2020.
             Was a Priest of Lugonu.
             Slain by Menkaure (18 damage)
             ... on level 4 of the Dungeon.
             The game lasted 00:15:56 (6901 turns).

Gruesph the Chopper (Formicid Abyssal Knight)       Turns: 6901, Time: 00:15:57

Health: -3/56      AC:  6    Str: 19    XL:     7   Next: 11%
Magic:  10/10      EV:  9    Int: 11    God:    Lugonu [***...]
Gold:   214        SH:  0    Dex: 10    Spells: 6/6 levels left

rFire    . . .     SeeInvis +   a - +1 hand axe
rCold    . . .     Gourm    .   (no shield)
rNeg     . . .     Faith    .   l - +0 scale mail
rPois    .         Spirit   .   (helmet unavailable)
rElec    .         Reflect  .   (no cloak)
rCorr    .         Harm     .   (no gloves)
MR       .....                  (no boots)
Stlth    ..........             (no amulet)
HPRegen  0.18/turn              (no ring)
MPRegen  0.12/turn              (no ring)

@: no status effects
A: permanent stasis, dig shafts and tunnels, four strong arms, antennae 3
a: Dig, Shaft Self, Depart the Abyss, Bend Space, Banish, Renounce Religion


You were on level 4 of the Dungeon.
You worshipped Lugonu.
Lugonu was most pleased with you.
You were very hungry.

You visited 1 branch of the dungeon, and saw 4 of its levels.
You visited the Abyss 1 time.

You collected 214 gold pieces.

Inventory:

Hand Weapons
 a - a +1 hand axe (weapon)
Missiles
 j - 104 arrows
 n - 123 stones (quivered)
 q - 5 poisoned darts
Armour
 l - a +0 scale mail (worn)
Jewellery
 k - a +5 amulet of reflection {unknown}
 w - a +2 amulet of reflection {unknown}
Wands
 t - a wand of digging (5)
 u - a wand of random effects (5)
Scrolls
 b - 2 scrolls of immolation {unknown}
 d - a scroll of amnesia {unknown}
 e - 7 scrolls of identify {unknown}
 g - 3 scrolls of teleportation {unknown}
 m - a scroll of fog {unknown}
 p - a scroll of enchant weapon {unknown}
 v - a scroll of enchant armour {unknown}
Potions
 c - a potion of curing {unknown}
 h - 2 potions of degeneration {unknown}
 i - a potion of haste {unknown}
 o - a potion of brilliance {unknown}
 r - a potion of heal wounds {unknown}
 s - 2 potions of magic {unknown}
Comestibles
 f - 9 rations


   Skills:
 + Level 5.0 Fighting
 * Level 5.3 Axes
 - Level 2.1 Armour
 - Level 0.8 Dodging
 + Level 4.1 Invocations


You had 6 spell levels left.
You didn't know any spells.
Your spell library was empty.

Dungeon Overview and Level Annotations

Branches:
Dungeon (4/15)
 Temple: D:4-7

Altars:
Fedhas
Kikubaaqudgha

Annotations:
D:3 2 transporters, exclusion: oklob plant, a0bad's ghost, amateur DsFi
D:4 Menkaure


Innate Abilities, Weirdness & Mutations

You cannot be hasted, slowed, berserked, paralysed or teleported.
You can dig through walls and to a lower floor.
Your four strong arms can wield two-handed weapons with a shield.
You have a pair of large antennae on your head. (SInv)


Message History

Menkaure mumbles some strange words.
Menkaure seems to speed up.
Press: ? - help, Shift-Dir - straight line, f/p - Menkaure
Aim: Menkaure (fast, chance to defeat MR: 83%)
You fail to use your ability.
Menkaure calls on the powers of darkness!
Your body is wracked with pain!
Press: ? - help, Shift-Dir - straight line, f/p - Menkaure
Aim: Menkaure (fast, chance to defeat MR: 83%)
You fail to use your ability.
Press: ? - help, Shift-Dir - straight line, f/p - Menkaure
Aim: Menkaure (fast, chance to defeat MR: 83%)
You fail to use your ability.
Menkaure hits you!
* * * LOW HITPOINT WARNING * * *
Press: ? - help, Shift-Dir - straight line, f/p - Menkaure
Aim: Menkaure (fast, chance to defeat MR: 83%)
You fail to use your ability.
Menkaure hits you!!
You die...

#####,*,* *,,,* *,****,**,*
.....,*,* *,*,* *,**,,,**,*
..[..,*,* *,*,* *,**,****,*
##.##*,,****,*,**####*,**,* *,*
...# *,,,,,..*,,,...,,,**,****,*
##.#**,,***#..,,,..,,,,,,,,,**,*
**,..*,* #.#***.#**,,,,,,,,,,*
**..#,* #.# ##.##*****,*,****
*#.#,* #.###@M.#*****,*,* #.#†*
#.##.###.....,,*,* #.#.####.##.#
*,,...,,,,*
#.#.).))....#**,***#*****
#####.######.###...#*
.............# *####
#####.######## #.# #>#


You could see Menkaure.

Vanquished Creatures
  A phantom (D:3)
  Terence (D:2)
  An iguana (D:4)
  A worker ant (D:4)
  A hound skeleton (D:4)
  Robin (D:4)
  6 gnolls (D:4)
  4 adders
  An ooze (D:4)
  4 worms
  A dart slug (D:1)
  4 leopard geckos
  4 orcs (D:3)
  2 ball pythons
  6 bats
  8 giant cockroaches
  27 goblins
  9 hobgoblins
  3 jackals (D:4)
  A quokka (D:4)
  3 frilled lizards
  4 kobolds
  6 rats
99 creatures vanquished.

Vanquished Creatures (others)
  A human (D:2)
1 creature vanquished.

Grand Total: 100 creatures vanquished

Notes
Turn   | Place    | Note
-------+----------+-------------------------------------------
     0 | Abyss:1  | Gruesph the Formicid Abyssal Knight began the quest for the
                  | Orb.
     0 | Abyss:1  | Reached XP level 1. HP: 18/18 MP: 2/2
     0 | D:1      | Escaped the Abyss
   385 | D:1      | Reached XP level 2. HP: 24/24 MP: 3/3
   399 | D:1      | Reached * piety under Lugonu
   723 | D:1      | Reached XP level 3. HP: 29/29 MP: 4/4
  1438 | D:2      | Noticed Terence
  1457 | D:2      | Killed Terence
  1457 | D:2      | Reached XP level 4. HP: 12/37 MP: 5/5
  1990 | D:2      | Found an ancient bone altar of Kikubaaqudgha.
  1990 | D:2      | Noticed a human
  1992 | D:2      | Killed a human
  2057 | D:3      | Reached ** piety under Lugonu
  2155 | D:3      | Found a blossoming altar of Fedhas.
  2170 | D:3      | Noticed an oklob plant
  2228 | D:3      | Reached XP level 5. HP: 16/42 MP: 7/7
  2949 | D:3      | Found a transporter.
  2950 | D:3      | Noticed a0bad's ghost (amateur DsFi)
  2950 | D:3      | Noticed an ogre
  2952 | D:3      | Noticed an ogre
  2952 | D:3      | Identified the +8 dire flail "Ineas" {drain, Int+7 Dex+4
                  | Stlth-}
  2952 | D:3      | Noticed an ogre
  3482 | D:3      | Found a transporter.
  3913 | D:4      | Noticed a phantom
  5191 | D:4      | Reached XP level 6. HP: 27/49 MP: 8/8
  5777 | D:4      | Noticed Robin
  5804 | D:4      | Killed Robin
  6038 | D:4      | Noticed Menkaure
  6175 | D:4      | Reached *** piety under Lugonu
  6175 | D:4      | Reached skill level 5 in Axes
  6480 | D:3      | Killed a phantom
  6480 | D:3      | Reached skill level 5 in Fighting
  6480 | D:3      | Reached XP level 7. HP: 24/56 MP: 8/10
  6901 | D:4      | Slain by Menkaure

Levels and vault maps discovered:
D:1:      minmay_arrival_wavy_path, layout_loops_corners, minmay_misc_feat_five
D:2:      layout_loops_ring, tgw_kikubaaqudgha, uniq_terence
D:3:      layout_basic, tgw_fedhas, gammafunk_ghost_smash, first_ration
D:4:      kennysheep_the_goblin_king, layout_loops_ring, st_stairs_10,
          minmay_misc_feat_chi, uniq_robin, uniq_menkaure

Skill      XL: |  1  2  3  4  5  6 |
---------------+-------------------+-----
Axes           | 3 4 5 |  5.3
Fighting       | 4 5 |  5.0
Invocations    | 3 4 |  4.1
Armour         | |  2.1
Dodging        | |  0.8

Action                   |  1- 3 |  4- 6 |  7- 9 || total
-------------------------+-------+-------+-------++-------
Melee: Hand axe          |   105 |   339 |       ||   444
Throw: Stone             |     2 |    39 |       ||    41
       Dart              |       |     1 |       ||     1
Invok: Depart the Abyss  |     1 |       |       ||     1
Evoke: Wand              |       |     3 |       ||     3
  Eat: Chunk             |     2 |     9 |       ||    11
       Ration            |       |     2 |       ||     2
Armor: Leather armour    |    20 |       |       ||    20
       Scale mail        |    29 |   108 |       ||   137
Dodge: Dodged            |    31 |   124 |       ||   155
